 Dungeon Crawl Stone Soup version 0.22-a0-322-g60b3cfd (webtiles) character file.

26754 4thArraOfDagon the Reanimator (level 13, -13/98 HPs)
             Began as a Mummy Enchanter on Apr 2, 2018.
             Was a Priest of Ashenzari.
             Mangled by a skeletal warrior
             ... wielding a +0 war axe
             ... led by a skeletal warrior
              (16 damage)
             ... on level 14 of the Dungeon.
             The game lasted 00:55:35 (15295 turns).

4thArraOfDagon the Reanimator (Mummy Enchanter)    Turns: 15295, Time: 00:55:36

Health: -13/98     AC:  8    Str: 15    XL:     13   Next: 0%
Magic:  18/22      EV: 15    Int: 20    God:    Ashenzari [***...]
Gold:   789        SH:  0    Dex: 13    Spells: 4/24 levels left

rFire    x . .     SeeInvis +   H - +8 scythe "Viynt" {speed, *Drain Str+3 Int+2} (curse)
rCold    + . .     Gourm    .   (shield currently unavailable)
rNeg     + + +     Faith    .   E - +0 troll leather armour
rPois    ∞         Spirit   .   B - +0 helmet
rElec    .         Reflect  .   f - scarf {cloud immunity}
rCorr    .         Harm     .   C - +0 pair of gloves
MR       +....                  x - +0 pair of boots
Stlth    ++........             (no amulet)
HPRegen  0.66/turn              c - ring of see invisible
MPRegen  0.18/turn              (no ring)

@: no status effects
A: no food or potions, fire vulnerability, cold resistance 1, negative energy
resistance 3, torment resistance, unbreathing, in touch with death 1
a: Curse Item, Scrying, Renounce Religion


You were on level 14 of the Dungeon.
You worshipped Ashenzari.
Ashenzari was most pleased with you.
You were not hungry.

You visited 1 branch of the dungeon, and saw 14 of its levels.
You also visited: Sewer.

You collected 838 gold pieces.
You spent 49 gold pieces at shops.

Inventory:

Hand Weapons
 a - a +1 dagger
 l - a +3 dagger
 p - a +1 scythe of freezing
 v - a +2 whip of electrocution
 w - a +0 blowgun
 z - the +3 falchion of the Lair of Beasts {freeze, SInv}
   (You found it on level 5 of the Dungeon)

   It has been specially enchanted to freeze those struck by it, causing extra
   injury to most foes and up to half again as much damage against particularly
   susceptible opponents.
   It can also slow down cold-blooded creatures.
   It lets you see invisible.
 H - the cursed +8 scythe "Viynt" (weapon) {speed, *Drain Str+3 Int+2}
   (You found it on level 11 of the Dungeon)

   Attacks with this weapon are significantly faster.
   It affects your strength (+3).
   It affects your intelligence (+2).
   It causes draining when unequipped.
   It has a curse placed upon it.
Missiles
 y - 73 poisoned needles
Armour
 b - a +0 robe
 f - a scarf of cloud immunity (worn)
 h - a +2 buckler
 j - a +0 ring mail
 t - a +2 robe of magic resistance
 u - a +2 robe of positive energy
 x - a +0 pair of boots (worn)
 B - a +0 helmet (worn)
 C - a +0 pair of gloves (worn)
 E - a +0 troll leather armour (worn)
Jewellery
 c - a ring of see invisible (left hand)
 o - the ring "Efoon" {rC++ Int+2 Dex+4 Slay-3 Stlth-}
   (You found it on level 6 of the Dungeon)

   [ring of loudness]

   It affects your intelligence (+2).
   It affects your dexterity (+4).
   It affects your accuracy and damage with ranged weapons and melee attacks
   (-3).
   It greatly protects you from cold.
   It makes you less stealthy.
 r - an uncursed amulet of harm
Wands
 k - a wand of flame (27)
 F - a wand of iceblast (8)
 G - a wand of disintegration (8)
 I - a wand of acid (10)
Scrolls
 d - 2 scrolls of immolation
 e - a scroll of fear
 g - 5 scrolls of enchant weapon
 i - 4 scrolls of remove curse
 m - 2 scrolls of noise
 n - 2 scrolls of teleportation
 q - 7 scrolls of enchant armour
 s - 8 scrolls of identify
 A - 5 scrolls of magic mapping
 D - a scroll of fog
 J - a scroll of brand weapon
 K - a scroll of torment


   Skills:
 - Level 8.0 Fighting
 - Level 4.3 Short Blades
 * Level 7.8(11.6) Polearms
 - Level 6.0 Armour
 - Level 6.0 Dodging
 - Level 2.4 Stealth
 - Level 6.0 Spellcasting
 - Level 3.0 Conjurations
 - Level 2.6 Hexes
 + Level 9.1 Necromancy
 - Level 3.0 Fire Magic
 + Level 7.7 Earth Magic


You had 4 spell levels left.
You knew the following spells:

 Your Spells              Type           Power        Failure   Level  Hunger
a - Corona                Hex            ###....      4%          1    N/A
b - Ensorcelled Hibernat  Hex/Ice        ##....       11%         2    N/A
c - Confuse               Hex            ###.....     12%         3    N/A
d - Tukima's Dance        Hex            ###.....     12%         3    N/A
e - Conjure Flame         Conj/Fire      ###.....     11%         3    N/A
f - Mephitic Cloud        Conj/Pois/Air  ##......     24%         3    N/A
g - Borgnjor's Vile Clut  Necr/Erth      ######....   11%         5    N/A

Dungeon Overview and Level Annotations

Branches:
Dungeon (14/15)            Temple (0/1) D:7            Lair (0/6) D:10
    Orc (0/2) D:12
 Vaults: D:13-14

Altars:
Ashenzari
Dithmenos
Fedhas
Gozag
Kikubaaqudgha
Sif Muna
Trog
Wu Jian
Xom
Zin

Shops:
D:4 %   D:5 ?   D:10 *

Annotations:
D:3 sexinstructor's ghost, novice OgBe


Innate Abilities, Weirdness & Mutations

You do not eat or drink.
Your flesh is vulnerable to fire.
You are immune to poison.
Your flesh is cold resistant. (rC+)
You are immune to negative energy. (rN+++)
You are immune to unholy pain and torment.
You can survive without breathing.
You are in touch with the powers of death.


Message History

You closely miss the skeletal warrior.
The skeletal warrior is heavily damaged.
The skeletal warrior hits you with a war axe.
Unknown command.
You slice the skeletal warrior!!
The skeletal warrior is almost destroyed.
Unknown command.
You completely miss the skeletal warrior.
The skeletal warrior is almost destroyed.
The skeletal warrior hits you with a war axe!
Unknown command.
You slash the skeletal warrior!
The skeletal warrior is almost destroyed.
The skeletal warrior hits you with a war axe!!
* * * LOW HITPOINT WARNING * * *
Unknown command.
You hit the skeletal warrior but do no damage.
The skeletal warrior is almost destroyed.
The skeletal warrior hits you with a war axe!
You die...

# # # ##################
.[).>....))%...z)#
################@#
....).)..# #.#
.#######)#
#)############ .# #.#
#.#..........# z# #.#
#.#.########.#
.#######.#######.......#
#.#
...................###.#
#.# .#...............###
#.# #.#
.#.#####.#######.# #.#
#.#


You could see a skeletal warrior.

Vanquished Creatures
  A vault guard (D:14)
  2 hydras (D:13)
  3 two-headed ogres
  2 unseen horrors
  A wizard (D:14)
  6 skeletal warriors
  Pikel (D:6)
  A necromancer (D:14)
  A cyclops (D:12)
  A gargoyle (D:13)
  A komodo dragon (D:10)
  A tengu conjurer (D:14)
  A queen bee (shapeshifter) (D:14)
  A troll (D:10)
  Prince Ribbit (D:6)
  2 hornets
  3 hippogriffs
  3 slime creatures (D:13)
  2 shadows
  Sigmund (D:3)
  A spriggan (D:8)
  18 yaks
  3 hungry ghosts
  10 humans
  Edmund (D:6)
  2 soldier ants
  An ice beast (D:12)
  6 sky beasts
  2 slaves (D:6)
  9 orc warriors
  A black bear (D:11)
  An eye of draining (D:10)
  6 ogres
  A phantom (D:10)
  6 centaurs
  2 big kobolds
  15 bullfrogs
  Blork the orc (D:5)
  A scorpion (D:12)
  27 killer bees
  3 wights
  An electric eel (D:12)
  3 centaur zombies
  4 crimson imps
  A quasit (D:10)
  2 bullfrog zombies
  A bullfrog skeleton (D:4)
  3 jellies
  5 orc priests
  A gnoll shaman (D:6)
  5 centaur skeletons
  Ijyb (D:3)
  Terence (D:1)
  2 iguanas
  9 orc wizards
  11 worker ants
  2 howler monkey zombies
  23 adders
  11 gnolls
  A howler monkey skeleton (D:7)
  5 shadow imps
  2 oozes
  An adder skeleton (D:4)
  3 worms
  2 dart slugs
  8 leopard geckos
  36 orcs
  3 giant cockroaches
  8 goblins
  8 hobgoblins
  13 jackals
  10 quokkas
  4 ball pythons (Sewer)
  7 bats
  5 frilled lizards
  24 kobolds
  11 rats
  3 plants (Sewer)
392 creatures vanquished.

Vanquished Creatures (collateral kills)
  2 killer bees
2 creatures vanquished.

Vanquished Creatures (others)
  A human (D:14)
  A black bear (D:6)
  A killer bee (D:12)
  A jelly (D:6)
  A river rat (D:6)
  A rat (D:6)
  2 plants
8 creatures vanquished.

Grand Total: 402 creatures vanquished

Notes
Turn   | Place    | Note
-------+----------+-------------------------------------------
     0 | D:1      | 4thArraOfDagon the Mummy Enchanter began the quest for the Orb.
     0 | D:1      | Reached XP level 1. HP: 13/13 MP: 4/4
    31 | D:1      | Reached skill level 1 in Short Blades
   119 | D:1      | Reached XP level 2. HP: 17/19 MP: 1/5
   132 | D:1      | Learned a level 2 spell: Ensorcelled Hibernation
   353 | D:2      | You fall through a shaft!
   472 | D:3      | Reached XP level 3. HP: 19/24 MP: 4/7
   477 | D:3      | Learned a level 3 spell: Confuse
   526 | D:4      | Found a blossoming altar of Fedhas.
   564 | D:4      | Reached XP level 4. HP: 25/30 MP: 0/8
   623 | D:4      | Found Zeosmeziv's Food Shoppe.
  1000 | D:4      | Found an ancient bone altar of Kikubaaqudgha.
  1015 | D:4      | Found a shattered altar of Ashenzari.
  1029 | D:4      | Found a bloodstained altar of Trog.
  1030 | D:4      | Noticed a bullfrog
  1038 | D:4      | Killed a bullfrog
  1038 | D:4      | Reached XP level 5. HP: 24/35 MP: 1/9
  1053 | D:4      | Became a worshipper of Ashenzari the Shackled
  1151 | D:2      | Noticed Terence
  1197 | D:2      | Reached skill level 1 in Fighting
  1390 | D:1      | Killed Terence
  1929 | D:2      | Learned a level 3 spell: Tukima's Dance
  2035 | D:2      | Reached XP level 6. HP: 40/46 MP: 5/10
  2453 | D:3      | Noticed sexinstructor's ghost (novice OgBe)
  2611 | D:3      | Noticed Ijyb
  2615 | D:3      | Paralysed by Ijyb for 5 turns
  2623 | D:3      | Paralysed by Ijyb for 5 turns
  2626 | D:3      | Killed Ijyb
  2912 | D:3      | Found a faded altar of an unknown god.
  2953 | D:3      | Noticed Sigmund
  3266 | D:3      | Killed Sigmund
  3266 | D:3      | Reached skill level 1 in Armour
  3266 | D:3      | Reached XP level 7. HP: 53/53 MP: 8/11
  4369 | D:4      | Reached skill level 5 in Fighting
  4401 | D:4      | Found an ornate altar of the Wu Jian Council.
  4637 | D:5      | Entered Level 5 of the Dungeon
  4667 | D:5      | Reached * piety under Ashenzari
  4674 | D:5      | You fall through a shaft!
  4675 | D:6      | :O
  4687 | D:6      | Noticed Pikel
  4693 | D:6      | Killed Pikel
  4693 | D:6      | Reached XP level 8. HP: 55/64 MP: 12/12
  4755 | D:6      | Found a glowing drain.
  4764 | Sewer    | Entered a sewer
  5243 | D:6      | Noticed Prince Ribbit
  5253 | D:6      | Killed Prince Ribbit
  5304 | D:6      | Learned a level 3 spell: Conjure Flame
  5374 | D:6      | Found a shadowy altar of Dithmenos.
  5376 | D:6      | Noticed Edmund
  5779 | D:7      | Found a staircase to the Ecumenical Temple.
  5852 | D:7      | Reached XP level 9. HP: 71/71 MP: 10/14
  5893 | D:7      | Reached skill level 5 in Dodging
  5983 | D:6      | Identified the ring "Efoon" {rC++ Int+2 Dex+4 Slay-3 Stlth-}
  5992 | D:6      | :(
  6091 | D:5      | Found Xoerch's Magic Scroll Emporium.
  6117 | D:5      | Noticed Blork the orc
  6215 | D:5      | Killed Blork the orc
  6215 | D:5      | Reached skill level 1 in Conjurations
  6215 | D:5      | Reached skill level 1 in Fire Magic
  6357 | D:4      | Learned a level 3 spell: Mephitic Cloud
  6432 | D:5      | Found an opulent altar of Gozag.
  6551 | D:5      | Got the falchion of the Lair of Beasts {freeze, SInv}
  6555 | D:5      | Identified the +3 falchion of the Lair of Beasts {freeze, SInv} (You found it on level 5 of the Dungeon)
  6887 | D:4      | Found a glowing silver altar of Zin.
  6999 | D:6      | Killed Edmund
  7787 | D:7      | Found a deep blue altar of Sif Muna.
  7891 | D:7      | Noticed an unseen horror
  8000 | D:8      | Reached skill level 5 in Spellcasting
  8283 | D:8      | Reached skill level 5 in Armour
  8679 | D:7      | Killed an unseen horror
  8679 | D:7      | Reached XP level 10. HP: 40/79 MP: 13/19
  9129 | D:8      | Reached ** piety under Ashenzari
  9255 | D:8      | Noticed a two-headed ogre
  9567 | D:9      | Found a shimmering altar of Xom.
  9730 | D:9      | Learned a level 5 spell: Borgnjor's Vile Clutch
 10231 | D:10     | Entered Level 10 of the Dungeon
 10238 | D:10     | Found Cack's General Store.
 10255 | D:10     | Bought a scroll of magic mapping for 49 gold pieces
 10529 | D:10     | Reached skill level 1 in Earth Magic
 10540 | D:10     | Reached skill level 1 in Necromancy
 10682 | D:10     | Reached skill level 2 in Necromancy
 10811 | D:10     | Found a staircase to the Lair.
 10851 | D:10     | Reached skill level 3 in Necromancy
 11643 | D:11     | Noticed a skeletal warrior
 11695 | D:11     | Reached skill level 4 in Necromancy
 11710 | D:11     | Reached XP level 11. HP: 74/86 MP: 10/20
 11869 | D:11     | Noticed a skeletal warrior
 11869 | D:11     | Noticed a skeletal warrior
 11883 | D:11     | Noticed a white ugly thing
 12123 | D:12     | Reached skill level 5 in Necromancy
 12153 | D:12     | Noticed a two-headed ogre
 12179 | D:12     | Killed a two-headed ogre
 12225 | D:12     | Noticed a two-headed ogre
 12238 | D:12     | Killed a two-headed ogre
 12238 | D:12     | Reached skill level 5 in Earth Magic
 12340 | D:12     | Reached skill level 6 in Necromancy
 12455 | D:11     | Got the scythe "Viynt" {speed, *Drain Str+3 Int+2}
 12479 | D:12     | Identified the +8 scythe "Viynt" {speed, *Drain Str+3 Int+2} (You found it on level 11 of the Dungeon)
 12624 | D:11     | Noticed a skeletal warrior
 12709 | D:11     | Reached skill level 1 in Polearms
 12894 | D:12     | Noticed an unseen horror
 13069 | D:12     | Found a staircase to the Orcish Mines.
 13088 | D:12     | Killed an unseen horror
 13260 | D:12     | Reached *** piety under Ashenzari
 13384 | D:13     | Noticed a five-headed hydra
 13390 | D:13     | Killed a seven-headed hydra
 13390 | D:13     | Reached skill level 7 in Necromancy
 13512 | D:13     | Killed a skeletal warrior
 13838 | D:13     | Reached XP level 12. HP: 92/92 MP: 21/21
 13880 | D:13     | Noticed a two-headed ogre
 13904 | D:13     | Killed a two-headed ogre
 14028 | D:13     | Noticed a five-headed hydra
 14045 | D:13     | Killed a six-headed hydra
 14045 | D:13     | Reached skill level 5 in Polearms
 14346 | D:13     | HP: 1/92 [centaur (8)]
 14567 | D:14     | Reached skill level 8 in Necromancy
 14628 | D:14     | Noticed a two-headed ogre
 14918 | D:14     | Noticed a vault guard
 14932 | D:14     | Killed a vault guard
 15111 | D:14     | Reached skill level 9 in Necromancy
 15236 | D:14     | Gained mutation: You are in touch with the powers of death. [Mummy growth]
 15236 | D:14     | Reached XP level 13. HP: 46/98 MP: 14/22
 15294 | D:14     | HP: 2/98 [skeletal warrior/war axe[a skeletal warrior] (28)]
 15295 | D:14     | Mangled by a skeletal warrior

Vault maps used:
D:1:      lemuel_arrival_broad_hall, minmay_split_cup_large
D:2:      kennysheep_generic_room_8, uniq_terence
D:3:      chequers_ecumenical_altar_island, grunt_ministairs_6, uniq_sigmund,
          uniq_ijyb
D:4:      marbit_many_paths, bloody_trog, nicolae_overflow_hidden_temple,
          kennysheep_little_box, gammafunk_temple_overflow_statue, serial_shops,
          shop_fountains, kennysheep_nondescript
D:5:      grunt_gozag_breadcrumbs, serial_shops,
          nicolae_shop_competitors_out_of_business, first_ration, hex_tiny,
          uniq_blork_the_orc
D:6:      lightli_sewer_entry_pipes, nicolae_dithmenos_through_a_glass_darkly,
          uniq_prince_ribbit1, uniq_edmund, uniq_pikel
D:7:      minmay_temple_entry_from_below_a, the_bakery, led_sif_pool
D:9:      brannock_xom_greatest_gift
D:10:     david_lair_shrubbed, serial_shops, nicolae_shop_waterfront
D:12:     minmay_wizard_corner, david_orc_3, serial_shops, shop
D:14:     minmay_distorted_concentric_squares, grunt_vaults_entry_tiered
Sewer:    sewer_co_scattered_pipes

Skill      XL: |  1  2  3  4  5  6  7  8  9 10 11 12 |
---------------+-------------------------------------+-----
Short Blades   | 1 2 3 4 |  4.3
Fighting       | 2 3 5 6 7 8 |  8.0
Armour         | 1 3 4 5 6 |  6.0
Dodging        | 2 4 5 6 |  6.0
Spellcasting   | 3 6 |  6.0
Conjurations   | 3 |  3.0
Fire Magic     | 3 |  3.0
Earth Magic    | 3 6 7 |  7.7
Necromancy     | 4 7 9 |  9.1
Polearms       | 4 7 |  7.8
Stealth        | |  2.4
Hexes          | |  2.6

Action                   |  1- 3 |  4- 6 |  7- 9 | 10-12 | 13-15 || total
-------------------------+-------+-------+-------+-------+-------++-------
Melee: Dagger            |    62 |   205 |   247 |    47 |       ||   561
       Whip              |       |       |   114 |       |       ||   114
       Falchion          |       |       |    53 |   263 |       ||   316
       Scythe            |       |       |       |   417 |    12 ||   429
 Fire: Blowgun           |       |       |     9 |       |       ||     9
Throw: Throwing net      |       |     1 |     1 |       |       ||     2
 Cast: Corona            |    11 |    10 |     8 |    11 |       ||    40
       Ensorcelled Hiber |    12 |    39 |    90 |    17 |       ||   158
       Confuse           |       |     5 |    11 |     3 |       ||    19
       Mephitic Cloud    |       |       |     4 |    43 |       ||    47
       Conjure Flame     |       |       |     2 |    42 |     2 ||    46
Invok: Curse Item        |       |       |       |     1 |       ||     1
Evoke: Wand              |       |     3 |    13 |    17 |       ||    33
  Use: Scroll            |       |     3 |    11 |     4 |     1 ||    19
 Stab: Sleeping          |     8 |    27 |    41 |    10 |       ||    86
       Distracted        |       |     2 |       |       |       ||     2
       Confused          |       |     1 |     6 |    31 |       ||    38
       Paralysed         |       |     1 |     9 |       |       ||    10
Armor: Robe              |     8 |    41 |    48 |    24 |       ||   121
       Troll leather arm |       |       |       |   152 |     1 ||   153
Dodge: Dodged            |    38 |   131 |   300 |   531 |     1 ||  1001
       Rpst.: Falchion   |       |       |    11 |    71 |       ||    82

Table legend:
 A = Spawn XP
 B = Non-spawn XP
 C = Spawn XP percentage of total XP
 D = Spawn monster count
 E = Non-spawn monster count
 F = Spawn count percentage of total count
 G = Total turns spent on level
                    A         B        C        D         E        F      G
               +---------+---------+-------+---------+---------+-------+---------
         Total |       0 |   38220 |   0.0 |       0 |     391 |   0.0 | 15295
               +---------+---------+-------+---------+---------+-------+---------
           D:1 |       0 |      74 |   0.0 |       0 |      23 |   0.0 |   850
           D:2 |       0 |     135 |   0.0 |       0 |      29 |   0.0 |   820
           D:3 |       0 |     370 |   0.0 |       0 |      26 |   0.0 |  1145
           D:4 |       0 |     914 |   0.0 |       0 |      36 |   0.0 |  1902
           D:5 |       0 |     210 |   0.0 |       0 |       7 |   0.0 |  1076
           D:6 |       0 |    1450 |   0.0 |       0 |      21 |   0.0 |   942
           D:7 |       0 |    1815 |   0.0 |       0 |      30 |   0.0 |  1288
           D:8 |       0 |    1458 |   0.0 |       0 |      17 |   0.0 |  1130
           D:9 |       0 |     852 |   0.0 |       0 |      11 |   0.0 |   703
          D:10 |       0 |    2780 |   0.0 |       0 |      24 |   0.0 |  1631
          D:11 |       0 |    2801 |   0.0 |       0 |      28 |   0.0 |   491
          D:12 |       0 |    5537 |   0.0 |       0 |      45 |   0.0 |   985
          D:13 |       0 |    8231 |   0.0 |       0 |      33 |   0.0 |  1293
          D:14 |       0 |   11514 |   0.0 |       0 |      39 |   0.0 |   664
         Sewer |       0 |      79 |   0.0 |       0 |      22 |   0.0 |   375
               +---------+---------+-------+---------+---------+-------+---------
